AoeStats
← denismca

African Clearing

510414400Analyzed
4v4 RM · 3d ago on Sep 30, 2026· 26m 46s· 8 players
Game mode
Random Map
Map size
Large (8 player)
Population
200
Speed
Normal
Resources
Standard
Victory
Conquest
Starting age
Dark Age
Ending age
Imperial Age
RankedLock teamsTeams togetherTeam positionsShared explorationLock speedFull tech treeHidden civsTurbo modeCheats
Victory
Defeat
🇨🇱 Khmer · Chile
808
+6
🇪🇨 Spanish · Ecuador
781
+6
🇳🇴 Koreans · Norway
710
+8
🇷🇸 Huns · Serbia
633
+12
🇨🇱 Teutons · Chile
631
-11
🇺🇸 Aztecs · United States
574
-9
🇨🇦 Vikings · Canada
494
-7
🇧🇷 Chinese · Brazil
429
-5
denismca
5:42 Loom
(Aztlan905)
7:01 Loom
19:02 Feudal Age
19:39 Town Watch
21:17 Double-Bit Axe
22:53 Wheelbarrow
23:32 Man-at-Arms
pvccarvalho
4:29 Loom
25:52 Feudal Age
sebajr10
13:59 Feudal Age
14:44 Double-Bit Axe
16:25 Forging
24:43 Castle Age
24:34 Horse Collar
25:17 Scale Barding Armor
26:48 Wheelbarrow
27:54 Iron Casting
TrolleBolIe
5:20 Loom
15:19 Feudal Age
16:21 Horse Collar
16:30 Double-Bit Axe
22:59 Castle Age
25:57 Heavy Plow
26:16 Bow Saw
Душан Силни
4:07 Loom
20:27 Feudal Age
21:05 Double-Bit Axe
21:04 Horse Collar
23:12 Gold Mining
23:13 Stone Mining
wfR'
15:39 Feudal Age
16:59 Wheelbarrow
16:08 Horse Collar
19:11 Double-Bit Axe
23:48 Bloodlines
Junior
6:43 Loom
15:10 Feudal Age
16:13 Town Watch
25:06 Double-Bit Axe
25:02 Horse Collar
27:59 Wheelbarrow
Connection lost

Rejoining the realm…

Still unreachable

The connection could not be restored.

Session expired

The server has moved on; the page needs a fresh start.